 Dungeon Crawl Stone Soup version 0.30-a0-637-gacddeb6d44 (webtiles) character file.

Game seed: 12928576264879181955

17 Leeroy the Slasher (level 2, -2/15 HPs)
             Began as a Tengu Warper on Jan 15, 2023.
             Was a Follower of Hepliaklqana.
             Slain by a worm (8 damage)
             ... on level 2 of the Dungeon.
             The game lasted 00:00:43 (490 turns).

Leeroy the Slasher (Tengu Warper)                    Turns: 490, Time: 00:00:43

Health: -2/15      AC:  3    Str: 11    XL:     2   Next: 62%
Magic:  6/6        EV: 11    Int: 13    God:    Hepliaklqana [*.....]
Gold:   26         SH:  0    Dex: 13    Spells: 5/5 levels left

rFire   . . .      SeeInvis .    a - +0 falchion
rCold   . . .      Faith    .    (no shield)
rNeg    . . .      Spirit   .    b - +0 leather armour
rPois   .          Reflect  .    (helmet restricted)
rElec   .          Harm     .    (no cloak)
rCorr   .          Rampage  .    (no gloves)
Will    .....                    (boots unavailable)
Stlth   +                        j - amulet of the acrobat
HPRegen 0.22/turn                (no ring)
MPRegen 0.10/turn                (no ring)

@: no status effects
A: reduced essence, beak, talons 3
a: Renounce Religion, Recall Ancestor, Ancestor Identity


You were on level 2 of the Dungeon.
You worshipped Hepliaklqana.
Hepliaklqana was aware of your devotion.
You visited 1 branch of the dungeon, and saw 2 of its levels.

You collected 26 gold pieces.

Inventory:

Hand Weapons
 a - a +0 falchion (weapon)
Missiles
 d - 7 boomerangs of dispersal (quivered)
Armour
 b - a +0 leather armour (worn)
Jewellery
 j - an amulet of the acrobat (around neck)
Scrolls
 c - a scroll of blinking
 e - a scroll of identify {unknown}
 i - a scroll of magic mapping {unknown}
Potions
 f - a potion of berserk rage {unknown}
 g - a potion of might {unknown}
 h - a potion of curing {unknown}


   Skills:
 - Level 2.0 Fighting
 + Level 3.4 Long Blades
 - Level 1.0 Throwing
 - Level 1.1 Armour
 - Level 2.1 Dodging
 - Level 2.0 Spellcasting
 - Level 2.4 Translocations


You had 5 spell levels left.
You didn't know any spells.
Your spell library contained the following spells:

 Spells                   Type           Power      Damage    Failure   Level
 Blink                    Tloc           14%        N/A       19%         2
 Lesser Beckoning         Tloc           14%        N/A       36%         3
 Teleport Other           Tloc           7%         N/A       36%         3
 Vhi's Electric Charge    Tloc/Air       8%         N/A       52%         3
 Manifold Assault         Tloc           7%         N/A       77%         4


Dungeon Overview and Level Annotations

Branches:
Dungeon (2/15)

Altars:
Hepliaklqana
Ru


Innate Abilities, Weirdness & Mutations

Your life essence is reduced to manifest your ancestor. (-10% HP)
You have a beak for a mouth.
You have claws for feet.


Message History

No target in view!
Done exploring.
You swap places.
You open the door.
There is an open door here.
You see here a +0 robe.
There is an open door here.
There is a stone staircase leading down here.
You climb downwards.
Found a sacrificial altar of Ru.
There is a stone staircase leading up here.
Publius barely misses the rat.
The rat closely misses you.
Publius hits the rat.
The rat misses you.
You barely miss the rat. You claw the rat.
You kill the rat!
Found a stone staircase leading up.
There is a stone staircase leading up here.
A worm comes into view.
A worm is nearby!
A bat comes into view.
You see here a fizzy pink potion.
The bat completely misses you. The worm misses you.
You hit the worm.
The worm is moderately wounded.
The bat hits you but does no damage.
The bat barely misses Publius.
You hit the worm.
The worm is heavily wounded.
The bat hits you but does no damage. The worm bites you!
Ouch! That really hurt!
Publius hits the worm.
You are too injured to fight recklessly!
You are too injured to fight recklessly!
You are too injured to fight recklessly!
You are too injured to fight recklessly!
There are monsters nearby!
You hit the bat.
The bat is severely wounded.
The bat closely misses you. The bat hits you. The worm bites you!
Ouch! That really hurt!
You die...

######
......###
........##
.........##
..........#
......w...#
......R@..#
####...!.##
###...b...#
#.........#
.###.#.......#
.....##.....##
#...........##
..........####
#.........#


You could see the friendly Publius the ancestor, a worm (ally target) and a bat.

Vanquished Creatures
  A dart slug (D:1)
  A ball python (D:1)
  A hobgoblin (D:1)
  3 kobolds (D:1)
  A quokka (D:1)
  2 bats (D:1)
  2 frilled lizards (D:1)
  2 rats
13 creatures vanquished.

Vanquished Creatures (collateral kills)
  2 kobolds (D:1)
  A rat (D:1)
3 creatures vanquished.

Grand Total: 16 creatures vanquished

Notes
Turn   | Place    | Note
-------+----------+-------------------------------------------
     0 | D:1      | Leeroy the Tengu Warper began the quest for the Orb.
     0 | D:1      | Reached XP level 1. HP: 12/12 MP: 4/4
    78 | D:1      | Found a faded altar of an unknown god.
   125 | D:1      | Prayed at the altar of an unknown god.
   125 | D:1      | Became a worshipper of Hepliaklqana the Forgotten
   125 | D:1      | Reached * piety under Hepliaklqana
   130 | D:1      | Reached skill level 3 in Long Blades
   130 | D:1      | Reached XP level 2. HP: 15/15 MP: 6/6
   450 | D:2      | Found a sacrificial altar of Ru.
   490 | D:2      | Slain by a worm

Illustrated notes

Levels and vault maps discovered:
D:1:      ncdulo_lavacross, layout_rooms, dreamdust_ecumenical_altar_statues
D:2:      layout_rooms, basic_altar, uniq_sigmund

Skill      XL: |  1 |
---------------+----+-----
Long Blades    | 3 |  3.4
Fighting       | |  2.0
Throwing       | |  1.0
Armour         | |  1.1
Dodging        | |  2.1
Spellcasting   | |  2.0
Translocations | |  2.4

Action                   || total
-------------------------++-------
Melee: Falchion          ||    34
       Peck              ||     7
       Kick              ||     5
Armor: Leather armour    ||    14
Dodge: Dodged            ||    28

Table legend: (Time is in decaauts)
 A = Elapsed time spent in this place.
 B = Non-inter-level travel time spent in this place.
 C = Inter-level travel time spent in this place.
 D = Time resting spent in this place.
 E = Time spent auto-exploring this place.
 F = Levels seen in this place.
 G = Mean time per level.
                   A        B        C        D        E       F      G
               +--------+--------+--------+--------+--------+-----+--------+
         Total |    495 |    468 |     27 |      0 |    338 |   2 |  247.5 |
       Dungeon |    495 |    468 |     27 |      0 |    338 |   2 |  247.5 |
               +--------+--------+--------+--------+--------+-----+--------+

Top non-repeatable levels by time:
     D:1: 455 daAuts
     D:2: 40 daAuts
